 Dungeon Crawl Stone Soup version 0.29.1-15-g9cfb28693d (webtiles) character file.

Game seed: 11347841944119401454

20 joshua the Trooper (level 2, -5/27 HPs)
             Began as a Minotaur Fighter on Mar 24, 2023.
             Slain by Sigmund
             ... wielding a +0 scythe
              (8 damage)
             ... on level 2 of the Dungeon.
             The game lasted 00:02:14 (755 turns).

joshua the Trooper (Minotaur Fighter)                Turns: 755, Time: 00:02:14

Health: -5/27      AC:  7    Str: 20    XL:     2   Next: 58%
Magic:  1/1        EV:  9    Int:  5    God:
Gold:   57         SH:  4    Dex:  9    Spells: 1/1 levels left

rFire   . . .      SeeInvis .   a - +0 war axe
rCold   . . .      Faith    .   c - +0 buckler
rNeg    . . .      Spirit   .   b - +0 scale mail
rPois   .          Reflect  .   (helmet restricted)
rElec   .          Harm     .   (no cloak)
rCorr   .          Rampage  .   (no gloves)
Will    .....                   (no boots)
Stlth   ..........              (no amulet)
HPRegen 0.09/turn               (no ring)
MPRegen 0.07/turn               (no ring)

@: no status effects
A: horns 2, retaliatory headbutt
a: no special abilities


You were on level 2 of the Dungeon.
You visited 1 branch of the dungeon, and saw 2 of its levels.

You collected 57 gold pieces.

Inventory:

Hand Weapons
 a - a +0 war axe (weapon)
Armour
 b - a +0 scale mail (worn)
 c - a +0 buckler (worn)
Potions
 d - a potion of might
 e - a potion of curing {unknown}
 f - a potion of berserk rage {unknown}


   Skills:
 + Level 3.9 Fighting
 + Level 2.8 Axes
 + Level 3.9 Armour
 + Level 0.1 Dodging
 + Level 3.9 Shields


You had one spell level left.
You didn't know any spells.
Your spell library was empty.

Dungeon Overview and Level Annotations

Branches:
Dungeon (2/15)

Altars:

Annotations:
D:2 Sigmund


Innate Abilities, Weirdness & Mutations

You have a pair of horns on your head.
You reflexively headbutt those who attack you in melee.


Message History

Sigmund mumbles some strange words.
Sigmund flickers and vanishes!
Deactivating autopickup; reactivate with Ctrl-A.
No target in view!
A kobold comes into view. It is wielding a +0 short sword.
Something hits you but does no damage.
You closely miss something.
The kobold shouts!
Your headbutt misses something. You slash something!
Something hits you but does no damage.
You barely miss something. Your headbutt misses something.
You barely miss the kobold. Something hits you but does no damage.
The kobold completely misses you. You block the kobold's attack.
You hit something. Your headbutt misses something.
You hit the kobold but do no damage. Something hits you.
The kobold hits you with a +0 short sword.
You barely miss something. You closely miss the kobold.
You hear some strange, mumbled words.
A magic dart appears from out of thin air!
The magic dart hits you! The kobold hits you but does no damage.
You hit something. Your headbutt misses something. You hit the kobold.
Something hits you but does no damage. The kobold barely misses you. x2
You furiously retaliate!
You headbutt the kobold!
You kill the kobold!
You miss something. Something hits you!
* * * LOW HITPOINT WARNING * * *
You barely miss something.
You hear some strange, mumbled words.
A magic dart appears from out of thin air!
The magic dart hits you but does no damage.
Something hits you.
* * * LOW HITPOINT WARNING * * *
You barely miss something. Something hits you but does no damage.
You closely miss something. Your headbutt misses something.
Something hits you but does no damage.
You closely miss something. You miss something.
Something hits you but does no damage.
You miss something. You block something's attack.
You miss something. Something hits you!
You die...

# .# ..##
######### .....
#.......#...>..
##...@{...##
#....?)......
#.#.#.............
# #.#.#...........
#.#.#.##........
#.###.##........
#.............
###......[..
#.......#


There were no monsters in sight!

Vanquished Creatures
  A gnoll (D:1)
  2 endoplasms (D:1)
  A goblin (D:1)
  A hobgoblin (D:1)
  2 kobolds
  A ball python (D:1)
  A bat (D:1)
  2 rats (D:1)
11 creatures vanquished.

Vanquished Creatures (others)
  2 plants (D:1)
2 creatures vanquished.

Grand Total: 13 creatures vanquished

Notes
Turn   | Place    | Note
-------+----------+-------------------------------------------
     0 | D:1      | joshua the Minotaur Fighter began the quest for the Orb.
     0 | D:1      | Reached XP level 1. HP: 19/19 MP: 0/0
    28 | D:1      | Found a faded altar of an unknown god.
   221 | D:1      | Reached XP level 2. HP: 6/27 MP: 1/1
   739 | D:2      | Noticed Sigmund
   755 | D:2      | Slain by Sigmund

Illustrated notes

Levels and vault maps discovered:
D:1:      dpeg_arrival_pond, layout_rooms, ebering_ecumenical_altar_mist,
          serial_glass, glass_columns_b, glass_columns_a,
          minmay_tree_intersection, nicolae_grassy_gnolls
D:2:      layout_basic, kennysheep_small_spiral, uniq_sigmund, uniq_jessica

Action                   || total
-------------------------++-------
Melee: War axe           ||    29
       Headbutt          ||     1
Armor: Scale mail        ||    14
Dodge: Dodged            ||    10
Block: Buckler           ||     4
